 Dungeon Crawl Stone Soup version 0.30-a0-135-g630cfc4551 (webtiles) character file.

Game seed: 11132383513062223254

536 Flugkiller the Fighter (level 7, 0/56 HPs)
             Began as a Formicid Hunter on Sept 20, 2022.
             Was a Priest of Uskayaw.
             Killed by divine providence
             ... invoked by an orc priest
              (10 damage)
             ... on level 4 of the Dungeon.
             The game lasted 00:03:29 (3701 turns).

Flugkiller the Fighter (Formicid Hunter)            Turns: 3701, Time: 00:03:29

Health: 0/56       AC:  5    Str: 15    XL:     7   Next: 50%
Magic:  7/7        EV: 12    Int:  9    God:    Uskayaw [***...]
Gold:   165        SH:  0    Dex: 19    Spells: 6/6 levels left

rFire   . . .      SeeInvis +    a - +0 shortbow
rCold   . . .      Faith    .    (no shield)
rNeg    . . .      Spirit   .    m - +1 robe {Will+}
rPois   .          Reflect  .    (helmet unavailable)
rElec   .          Harm     .    (no cloak)
rCorr   .          Rampage  .    (no gloves)
Will    +....                    n - +1 pair of boots
Stlth   ++........               (no amulet)
HPRegen 0.18/turn                (no ring)
MPRegen 0.10/turn                (no ring)

@: no status effects
A: permanent stasis, dig shafts and tunnels, antennae 3, four strong arms, frail
1
a: Dig, Shaft Self, Renounce Religion, Stomp, Line Pass


You were on level 4 of the Dungeon.
You worshipped Uskayaw.
Uskayaw was noncommittal.
You visited 1 branch of the dungeon, and saw 4 of its levels.

You collected 165 gold pieces.

Inventory:

Hand Weapons
 a - a +0 shortbow (weapon)
Missiles
 h - 4 curare-tipped darts
Armour
 c - a +0 leather armour
 l - a +0 buckler
   (You found it on level 2 of the Dungeon)
 m - a +1 robe of willpower (worn)
   (You took it off Jessica on level 2 of the Dungeon)
 n - a +1 pair of boots (worn)
   (You found it on level 3 of the Dungeon)
Scrolls
 b - 2 scrolls of immolation
 d - a scroll of amnesia {unknown}
 g - 2 scrolls of vulnerability {unknown}
 i - a scroll of noise {unknown}
 j - 2 scrolls of enchant weapon {unknown}
 o - a scroll of identify {unknown}
 p - a scroll of teleportation {unknown}
Potions
 e - a potion of might {unknown}
 q - a potion of curing


   Skills:
 + Level 8.5 Fighting
 - Level 4.0 Ranged Weapons
 - Level 1.7 Dodging
 - Level 1.2 Stealth


You had 6 spell levels left.
You didn't know any spells.
Your spell library contained the following spells:

 Spells                   Type           Power      Damage    Failure   Level
 Apportation              Tloc           0%         N/A       38%         1
 Necrotise                Necr           0%         1d4       38%         1
 Summon Small Mammal      Summ           0%         N/A       38%         1
 Manifold Assault         Tloc           0%         N/A       99%         4
 Storm Form               Tmut/Air       0%         N/A       100%        7
 Blink                    Tloc           Unusable   N/A       N/A         2

Dungeon Overview and Level Annotations

Branches:
Dungeon (4/15) Zot: 20230
 Temple: D:4-7

Altars:
Nemelex Xobeh
Uskayaw


Innate Abilities, Weirdness & Mutations

You cannot be hasted, slowed, berserked, paralysed or teleported.
You can dig through walls and to a lower floor.
You have a pair of large antennae on your head. (SInv)
Your four strong arms can wield two-handed weapons with a shield.
You are frail. (-10% HP)


Message History

You kill the orc!
No target in view!
No target in view!
f - a smoky orange potion You sense a monster nearby.
You sense a monster nearby.
Unknown command.
You sense a monster nearby.
An orc warrior comes into view. It is wielding a +0 hand axe.
Found 9 stones and 10 gold pieces.
An orc warrior is nearby!
You shoot an arrow.
The arrow hits the orc warrior but does no damage.
You hear a shout! x5
An orc comes into view. It is wielding a +1 whip of freezing.
You shoot an arrow. The arrow hits the orc warrior.
The orc warrior is lightly wounded.
An orc priest comes into view. It is wielding a +0 club.
You aren't carrying any items that you can evoke.
It was a potion of haste.
Your stasis prevents you from being hasted.
You shoot an arrow.
The arrow closely misses the orc warrior.
The orc warrior hits you with a +0 hand axe!
The orc priest looks satisfied for a moment.
The orc warrior closely misses you.
You shoot an arrow. The arrow hits the orc warrior.
The orc warrior is moderately wounded.
You hear a shout!
The orc warrior closely misses you.
You shoot an arrow.
The arrow completely misses the orc warrior.
The orc warrior hits you with a +0 hand axe.
You shoot an arrow. The arrow hits the orc warrior.
The orc warrior is moderately wounded.
The orc warrior hits you with a +0 hand axe.
You shoot an arrow.
The arrow closely misses the orc warrior.
The orc warrior closely misses you. The orc warrior misses you.
You shoot an arrow. The arrow hits the orc warrior!
The orc warrior is severely wounded.
The orc warrior barely misses you.
You can now pass through a line of other dancers.
You shoot an arrow. The arrow hits the orc warrior.
The orc warrior is almost dead.
You hear a shout!
The orc warrior hits you with a +0 hand axe.
You shoot an arrow. The arrow hits the orc warrior.
The orc warrior is almost dead.
The orc warrior hits you with a +0 hand axe!
An orc comes into view. It is wielding a +0 club.
You are too injured to fight recklessly!
You are too injured to fight recklessly!
You are too injured to fight recklessly!
You are too injured to fight recklessly!
Fire: a) +0 shortbow
Press: ? - help, Q - select action, (/) - cycle Shift-Dir - straight line, f/p - orc warrior
Aim: an orc warrior, wielding a +0 hand axe and wearing a +0 chain mail (almost dead, 64% to hit)
You shoot an arrow.
The arrow barely misses the orc warrior.
The orc warrior barely misses you.
Fire: a) +0 shortbow
Press: ? - help, Q - select action, (/) - cycle Shift-Dir - straight line, f/p - orc warrior
Aim: an orc warrior, wielding a +0 hand axe and wearing a +0 chain mail (almost dead, 64% to hit)
You shoot an arrow. The arrow hits the orc warrior.
You kill the orc warrior!
Fire: a) +0 shortbow
Press: ? - help, Q - select action, (/) - cycle Shift-Dir - straight line, f - orc priest
Aim: an orc priest, wielding a +0 club (67% to hit)
You shoot an arrow. The arrow hits the orc priest!
The orc priest is heavily wounded.
The orc priest hits you with a +0 club.
The orc priest invokes the aid of Beogh against you.
You easily resist.
Uskayaw will force your foes to helplessly watch your dance.
Uskayaw prepares the audience for your solo!
Fire: a) +0 shortbow
Press: ? - help, Q - select action, (/) - cycle Shift-Dir - straight line, f/p - orc priest
Aim: an orc priest, wielding a +0 club (heavily wounded, paralysed, 98% to hit)
You shoot an arrow. The arrow hits the orc priest.
The orc priest is severely wounded.
The orc priest is no longer paralysed.
The orc priest mumbles some strange prayers to Beogh against you.
Beogh smites you!
Fire: a) +0 shortbow
Press: ? - help, Q - select action, (/) - cycle Shift-Dir - straight line, f/p - orc priest
Aim: an orc priest, wielding a +0 club (severely wounded, 67% to hit)
You shoot an arrow.
The arrow hits the orc priest but does no damage.
The orc priest is severely wounded.
The orc priest calls down the wrath of Beogh upon you.
Beogh smites you!
* * * LOW HITPOINT WARNING * * *
Fire: a) +0 shortbow
Press: ? - help, Q - select action, (/) - cycle Shift-Dir - straight line, f/p - orc priest
Aim: an orc priest, wielding a +0 club (severely wounded, 67% to hit)
You shoot an arrow. The arrow barely misses the orc priest.
The orc priest calls down the wrath of Beogh upon you.
Beogh smites you!
You die...

#.# #.. #.# #.# #.#
#.# ... #.# #####.#
o. #.########>....#
8$
.##.##...##......#
.{#
.................##
(#.#
.#####...##).....o##
#..
##.####...#@#.##{#
#..........##o{#
########.#.#####
#.#... #....# ####


You could see an orc priest.

Vanquished Creatures
  Sigmund (D:3)
  An orc warrior (D:4)
  An orc priest (D:3)
  Jessica (D:2)
  Terence (D:3)
  An orc wizard (D:4)
  6 gnolls (D:4)
  3 adders
  3 worms
  3 dart slugs
  10 orcs
  2 ball pythons
  5 endoplasms
  5 giant cockroaches
  5 goblins
  3 hobgoblins
  4 jackals (D:2)
  2 kobolds (D:1)
  3 quokkas
  3 bats
  3 frilled lizards
  4 rats
70 creatures vanquished.

Notes
Turn   | Place    | Note
-------+----------+-------------------------------------------
     0 | D:1      | Flugkiller the Formicid Hunter began the quest for the Orb.
     0 | D:1      | Reached XP level 1. HP: 16/16 MP: 1/1
   216 | D:1      | Reached XP level 2. HP: 23/23 MP: 2/2
   237 | D:1      | Reached skill level 3 in Fighting
   489 | D:1      | Reached XP level 3. HP: 29/29 MP: 3/3
   739 | D:2      | Reached skill level 4 in Fighting
  1161 | D:2      | Noticed Jessica
  1166 | D:2      | Reached XP level 4. HP: 22/38 MP: 4/4
  1168 | D:2      | Killed Jessica
  1380 | D:2      | Reached skill level 5 in Fighting
  1658 | D:2      | Found a faded altar of an unknown god.
  2177 | D:3      | Noticed Sigmund
  2306 | D:3      | Noticed Terence
  2314 | D:3      | Killed Terence
  2315 | D:3      | Reached XP level 5. HP: 39/44 MP: 5/5
  2384 | D:3      | Gained mutation: You are frail. (-10% HP) [potion of
                  | mutation]
  2399 | D:3      | Killed Sigmund
  2400 | D:3      | Reached skill level 7 in Fighting
  2400 | D:3      | Reached XP level 6. HP: 26/49 MP: 6/6
  2713 | D:3      | Found a sparkling altar of Nemelex Xobeh.
  3060 | D:4      | Reached XP level 7. HP: 46/54 MP: 7/7
  3342 | D:4      | Found a hide-covered altar of Uskayaw.
  3353 | D:4      | Became a worshipper of Uskayaw the Reveller
  3534 | D:4      | Reached * piety under Uskayaw
  3539 | D:4      | Reached ** piety under Uskayaw
  3540 | D:4      | Reached skill level 8 in Fighting
  3698 | D:4      | Reached *** piety under Uskayaw
  3701 | D:4      | Killed from afar by an orc priest

Illustrated notes

Levels and vault maps discovered:
D:1:      wander_arrival_desolate, layout_loops_cross,
          hangedman_decor_diamond_cutter, minmay_strange_pillars
D:2:      layout_basic, ebering_ecumenical_altar_mist, uniq_jessica
D:3:      layout_basic, lemuel_round_altar, uniq_terence, uniq_sigmund
D:4:      layout_loops_ring, old_standard_altar, minivault_27,
          guppyfry_early_orc_mine

Skill      XL: |  1  2  3  4  5  6  7 |
---------------+----------------------+-----
Fighting       | 3 4 5 7 8 |  8.5
Ranged Weapons | |  4.0
Dodging        | |  1.7
Stealth        | |  1.2

Action                   |  1- 3 |  4- 6 |  7- 9 || total
-------------------------+-------+-------+-------++-------
Melee: Unarmed           |       |     1 |       ||     1
 Fire: Shortbow          |    74 |    90 |    54 ||   218
 Abil: Dig               |       |     2 |       ||     2
  Use: Potion            |       |     4 |     1 ||     5
Armor: Leather armour    |     7 |       |       ||     7
       Robe              |       |     8 |     1 ||     9
       Skin              |       |     7 |       ||     7
Dodge: Dodged            |    14 |    26 |    16 ||    56

Table legend: (Time is in decaauts)
 A = Elapsed time spent in this place.
 B = Non-inter-level travel time spent in this place.
 C = Inter-level travel time spent in this place.
 D = Time resting spent in this place.
 E = Time spent auto-exploring this place.
 F = Levels seen in this place.
 G = Mean time per level.
                   A        B        C        D        E       F      G
               +--------+--------+--------+--------+--------+-----+--------+
         Total |   3768 |   3628 |    140 |    746 |   2246 |   4 |  942.0 |
       Dungeon |   3768 |   3628 |    140 |    746 |   2246 |   4 |  942.0 |
               +--------+--------+--------+--------+--------+-----+--------+

Top non-repeatable levels by time:
     D:2: 1324 daAuts
     D:3: 1085 daAuts
     D:1: 679 daAuts
     D:4: 678 daAuts
